 Dungeon Crawl Stone Soup version 0.18-a0-1418-ga86aa8f (console) character file.

19882 Sehdowjr the Eclecticist (level 12, -4/70 HPs)
             Began as a Deep Elf Conjurer on Feb 26, 2016.
             Was an Elder of Vehumet.
             Slain by a spiny frog (18 damage)
             ... on level 3 of the Lair of Beasts on Mar 17, 2016.
             The game lasted 00:49:54 (17257 turns).

Sehdowjr the Eclecticist (Deep Elf Conjurer)       Turns: 17257, Time: 00:49:58

Health: -4/70      AC:  8    Str:  5    XL:     12   Next: 40%
Magic:  19/34      EV: 13    Int: 26    God:    Vehumet [****..]
Gold:   1294       SH:  0    Dex: 15    Spells: 5 memorised, 24 levels left

rFire  + + .     SeeInvis .     (no weapon)
rCold  + . .     Gourm    .     H - +0 robe {rF+}
rNeg   . . .     Faith    .     (no shield)
rPois  +         Spirit   .     (no helmet)
rElec  .         Dismiss  .     L - +2 cloak
rCorr  .         Reflect  .     U - +0 pair of gloves
SustAt .         Harm     .     T - +1 pair of boots
MR     +....                    (no amulet)
Stlth  ++........               q - ring of protection from fire
                                o - ring of protection from cold

@: somewhat resistant to hostile enchantments, unstealthy
A: mutation resistance 1, poison resistance, robust 1
a: Renounce Religion


You were on level 3 of the Lair of Beasts.
You worshipped Vehumet.
Vehumet was greatly pleased with you.
You were not hungry.

You visited 2 branches of the dungeon, and saw 13 of its levels.

You collected 1431 gold pieces.
You spent 137 gold pieces at shops.

Inventory:

Armour
 H - a +0 robe of fire resistance (worn)
 L - a +2 cloak (worn)
 T - a +1 pair of boots (worn)
 U - a +0 pair of gloves (worn)
Jewellery
 o - a ring of protection from cold (left hand)
 q - a ring of protection from fire (right hand)
 G - an uncursed ring of protection from magic
 Y - an uncursed ring of fire
Wands
 A - a wand of paralysis (8/24)
 M - a wand of acid (7/15)
 N - a wand of iceblast (14/15)
 X - a wand of flame (16/48)
 Z - a wand of lightning (4/15)
Scrolls
 a - a scroll of enchant armour
 b - a scroll of noise
 e - 5 scrolls of remove curse
 i - a scroll of blinking
 j - 3 scrolls of identify
 k - a scroll of acquirement
 n - 5 scrolls of teleportation
 w - a scroll of immolation
 x - 6 scrolls of fog
 y - 4 scrolls of amnesia
 B - 4 scrolls of recharging
 E - 2 scrolls of enchant weapon
 F - a scroll of magic mapping
Potions
 d - a potion of might
 f - 3 potions of resistance {unknown}
 l - a potion of haste
 m - a potion of brilliance
 r - a potion of magic {unknown}
 s - a potion of curing
 t - a potion of cure mutation {unknown}
 u - 3 potions of flight {unknown}
 z - a potion of cancellation
 D - 4 potions of degeneration {unknown}
 J - 7 potions of ambrosia
 R - a potion of lignification
 W - 2 potions of agility {unknown}
Books
 v - a book of Geomancy

   Spells                             Type                      Level
   a - Sandblast                      Earth                        1
   b - Passwall                       Transmutation/Earth          2
   c - Stone Arrow                    Conjuration/Earth            3
   d - Petrify                        Transmutation/Earth          4
   e - Lee's Rapid Deconstruction     Earth                        5
Comestibles
 c - 9 bread rations
 g - a meat ration
 h - 5 beef jerkies
 C - a royal jelly
 S - 26 fruits


   Skills:
 * Level 3.0 Fighting
 - Level 2.5 Dodging
 - Level 2.5 Stealth
 + Level 16.9 Spellcasting
 + Level 15.0 Conjurations
 + Level 7.2 Charms
 + Level 2.5 Air Magic


You had 24 spell levels left.
You knew the following spells:

 Your Spells              Type           Power        Failure   Level  Hunger
a - Magic Dart            Conj           ####         0%          1    None
b - Deflect Missiles      Chrm/Air       #####.....   50%         6    ###....
d - Airstrike             Air            #####.....   2%          4    None
p - Iskenderun's Battles  Conj/Chrm      ######..     1%          5    None
x - Iskenderun's Mystic   Conj           #######.     1%          4    None


Dungeon Overview and Level Annotations

Branches:
Dungeon (10/15)            Temple (0/1) D:5            Lair (3/8) D:9
  Swamp: Lair:3-6    Shoals: Lair:3-6     Snake: Lair:3-6    Spider: Lair:3-6
    Orc: D:9-12

Altars:
Ashenzari
Cheibriados
Dithmenos
Gozag
Nemelex Xobeh
Qazlal
Sif Muna
Vehumet
Xom
The Shining One

Shops:
D:4 *


Innate Abilities, Weirdness & Mutations

You are somewhat resistant to further mutation.
Your system is resistant to poisons.
You are robust (+10% HP).


Message History

You don't know that spell.
Casting: Magic Dart
Confirm with . or Enter, or press ? or * to list all spells.
You conjure a globe of magical energy.
The wolf bites you. The wolf bites you! The wolf bites you. The wolf bites you!
* * * LOW HITPOINT WARNING * * *
A wolf comes into view.
Casting: Iskenderun's Battlesphere
Confirm with . or Enter, or press ? or * to list all spells.
Aiming: Iskenderun's Mystic Blast
Press: ? - help, Shift-Dir - straight line, f/p - spiny frog
Aim: a spiny frog (lightly wounded)
The orb of energy hits the spiny frog.
The spiny frog is heavily wounded.
The orb of energy explodes!
Your battlesphere fires!
The barrage of energy hits the wolf.
The wolf is severely wounded.
The spiny frog stings you!!
You die...

......#. .....# ..
#......#.... ....
.........##..... .....
#...#.#...#..... .....
#....#....##P.# #.....
.........##...####......
....)...................
........................
..............*.@h......
.............).hhF......
..........P#..##.####...
P..P###....####..# .
#.###.....##...........h
.....##...##.....h.#....
..... #...#.......$# .)
..... #....#.......# ...
....#####.....


You could see a spiny frog, 4 wolves and a friendly battlesphere.

Vanquished Creatures
  2 hydras
  Pikel (D:4)
  2 hill giants (D:10)
  A black mamba (Lair:1)
  6 spiny frogs
  A gargoyle (D:10)
  The ghost of Ijustatesigmund the Insei, a novice OpTm (D:5)
  A komodo dragon (Lair:3)
  A troll (D:9)
  Prince Ribbit (D:7)
  26 yaks
  4 basilisks
  2 hungry ghosts
  Grum (D:8)
  3 hippogriffs
  18 wolves
  4 water moccasins
  Duvessa (D:7)
  5 porcupines
  4 orc warriors
  2 sky beasts
  A wasp (D:7)
  3 black bears
  2 slaves
  3 centaurs
  6 ogres
  8 crocodiles
  A big kobold (D:10)
  9 giant frogs
  Dowan (D:7)
  3 scorpions
  A wight (D:9)
  7 howler monkeys
  4 crimson imps
  A giant frog zombie (D:6)
  2 quasits
  5 jellies
  Crazy Yiuf (D:7)
  6 hounds
  15 orc wizards
  A giant frog skeleton (D:4)
  5 orc priests
  A centaur skeleton (D:8)
  8 iguanas
  A hell rat (D:9)
  3 worker ants
  A killer bee zombie (D:9)
  11 sheep (Lair:1)
  A hound skeleton (D:10)
  Robin (D:2)
  11 gnolls
  A howler monkey skeleton (D:10)
  10 river rats
  7 adders
  A shadow imp (D:9)
  4 oozes
  5 worms
  5 dart slugs
  6 giant geckos
  44 orcs
  9 giant cockroaches
  17 goblins
  10 hobgoblins
  10 jackals
  13 kobolds
  6 quokkas
  8 bats
  A giant gecko skeleton (D:6)
  4 giant newts
  A jackal skeleton (D:6)
  3 rats
  A plant (D:10)
376 creatures vanquished.

Vanquished Creatures (others)
  A centaur (D:5)
  5 fungi
  2 plants (Lair:1)
8 creatures vanquished.

Grand Total: 384 creatures vanquished

Notes
Turn   | Place    | Note
--------------------------------------------------------------
     0 | D:1      | Sehdowjr the Deep Elf Conjurer began the quest for the Orb.
     0 | D:1      | Reached XP level 1. HP: 10/10 MP: 6/6
   380 | D:1      | Reached XP level 2. HP: 13/15 MP: 5/8
   427 | D:1      | Found a glowing golden altar of the Shining One.
   568 | D:1      | Reached skill level 5 in Conjurations
  1032 | D:2      | Reached XP level 3. HP: 19/19 MP: 8/10
  1059 | D:2      | Noticed Robin
  1310 | D:2      | Reached skill level 4 in Spellcasting
  1411 | D:2      | Found a deep blue altar of Sif Muna.
  1794 | D:2      | Reached XP level 4. HP: 24/24 MP: 9/12
  1800 | D:2      | Learned a level 4 spell: Iskenderun's Mystic Blast
  1889 | D:2      | Killed Robin
  2162 | D:3      | Reached skill level 5 in Spellcasting
  2192 | D:3      | Reached XP level 5. HP: 10/28 MP: 0/14
  2403 | D:3      | Learned a level 5 spell: Iskenderun's Battlesphere
  2404 | D:3      | Found a snail-covered altar of Cheibriados.
  2416 | D:3      | Found a shattered altar of Ashenzari.
  3143 | D:3      | Reached skill level 6 in Spellcasting
  3143 | D:3      | Reached XP level 6. HP: 26/32 MP: 3/17
  3333 | D:4      | Reached skill level 1 in Charms
  4008 | D:4      | Found a radiant altar of Vehumet.
  4025 | D:4      | Found Umup's Assorted Antiques.
  4171 | D:4      | Reached XP level 7. HP: 36/36 MP: 12/19
  4184 | D:4      | Bought a scroll of teleportation for 84 gold pieces
  4184 | D:4      | Bought a green potion for 25 gold pieces
  4184 | D:4      | Bought a scroll labeled WAEGUFF COVUV for 28 gold pieces
  4208 | D:4      | Paralysed by a gnoll for 2 turns
  4455 | D:4      | Found a shimmering altar of Xom.
  4651 | D:4      | Found a stormy altar of Qazlal.
  4710 | D:5      | Entered Level 5 of the Dungeon
  4713 | D:5      | Reached skill level 7 in Spellcasting
  4894 | D:5      | Reached skill level 5 in Charms
  5254 | D:5      | Found a staircase to the Ecumenical Temple.
  5276 | D:5      | Found a sparkling altar of Nemelex Xobeh.
  5374 | D:4      | Became a worshipper of Vehumet
  5391 | D:5      | Noticed Pikel
  5714 | D:5      | Noticed Ijustatesigmund's ghost (novice OpTm)
  5753 | D:5      | Killed Ijustatesigmund's ghost
  5753 | D:5      | Reached skill level 8 in Spellcasting
  5753 | D:5      | Reached XP level 8. HP: 22/41 MP: 0/22
  6287 | D:4      | Killed Pikel
  6287 | D:4      | Reached skill level 9 in Spellcasting
  6720 | D:5      | Reached skill level 10 in Spellcasting
  6868 | D:6      | Reached XP level 9. HP: 41/45 MP: 1/25
  7038 | D:6      | Found an opulent altar of Gozag.
  7551 | D:7      | Noticed Duvessa
  7552 | D:7      | Noticed Dowan
  7554 | D:7      | Killed Duvessa
  7554 | D:7      | Killed Dowan
  7796 | D:7      | Reached skill level 10 in Conjurations
  7816 | D:7      | Reached * piety under Vehumet
  7816 | D:7      | Offered knowledge of Shock by Vehumet.
  7925 | D:7      | Noticed Crazy Yiuf
  7930 | D:7      | Killed Crazy Yiuf
  8006 | D:7      | Noticed Prince Ribbit
  8014 | D:7      | Killed Prince Ribbit
  8014 | D:7      | Reached skill level 11 in Spellcasting
  8113 | D:7      | Found a glowing golden altar of the Shining One.
  8675 | D:8      | Found a shadowy altar of Dithmenos.
  8892 | D:8      | Noticed Grum
  8899 | D:8      | Reached skill level 12 in Spellcasting
  8915 | D:8      | Killed Grum
  8943 | D:8      | HP: 2/45 [hound (6)]
  9623 | D:9      | Reached XP level 10. HP: 50/50 MP: 22/28
  9993 | D:9      | Offered knowledge of Sting by Vehumet.
 10012 | D:9      | Reached ** piety under Vehumet
 10169 | D:9      | Got a bound diamond amulet
 10179 | D:9      | Reached skill level 13 in Spellcasting
 10562 | D:9      | Identified the amulet "Yffyapterch" {-Tele +Rage MR+ Dex+3} (You found it on level 9 of the Dungeon)
 10747 | D:9      | Found a staircase to the Lair.
 11012 | D:10     | Entered Level 10 of the Dungeon
 11036 | D:10     | Noticed a hill giant
 11041 | D:10     | Killed a hill giant
 11041 | D:10     | Reached skill level 14 in Spellcasting
 11349 | D:10     | Offered knowledge of Ignite Poison by Vehumet.
 11549 | D:10     | Noticed a gargoyle
 11558 | D:10     | Noticed a hill giant
 11559 | D:10     | Killed a gargoyle
 11566 | D:10     | Killed a hill giant
 11669 | D:10     | Reached XP level 11. HP: 54/54 MP: 15/31
 12178 | D:10     | Reached *** piety under Vehumet
 12275 | D:10     | Reached skill level 15 in Spellcasting
 12501 | D:10     | Offered knowledge of Throw Icicle by Vehumet.
 12781 | Lair:1   | Entered Level 1 of the Lair of Beasts
 13139 | Lair:1   | Identified a scroll of acquirement
 13370 | Lair:1   | Reached **** piety under Vehumet
 13383 | Lair:1   | Noticed a five-headed hydra
 13387 | Lair:1   | Killed a five-headed hydra
 13473 | Lair:1   | Reached skill level 16 in Spellcasting
 13485 | Lair:1   | Offered knowledge of Sticky Flame by Vehumet.
 14604 | Lair:2   | Learned a level 6 spell: Deflect Missiles
 14682 | Lair:2   | Noticed a six-headed hydra
 14690 | Lair:2   | Killed a six-headed hydra
 14690 | Lair:2   | Reached skill level 1 in Fighting
 14690 | Lair:2   | Reached skill level 1 in Air Magic
 14690 | Lair:2   | Reached XP level 12. HP: 18/60 MP: 16/34
 15190 | Lair:1   | Gained mutation: You are robust (+10% HP). [potion of mutation]
 15190 | Lair:1   | Gained mutation: Your system is resistant to poisons. [potion of mutation]
 15190 | Lair:1   | Gained mutation: You are somewhat resistant to further mutation. [potion of mutation]
 15203 | Lair:1   | Learned a level 4 spell: Airstrike
 16834 | Lair:3   | Found a sparkling altar of Nemelex Xobeh.
 17065 | Lair:3   | Reached skill level 15 in Conjurations
 17134 | Lair:3   | Reached ***** piety under Vehumet
 17257 | Lair:3   | Slain by a spiny frog

Vault maps used:
D:1:      scummos_arrival_star, minmay_misc_feat_encased, tso_metal_star
D:2:      minivault_14, led_sif_pool, uniq_robin
D:3:      corexii_shack_village, ashenzari_conservatory_becter,
          cheibriados_altar_1, first_bread, grunt_decor_clamped
D:4:      vehumet_altar_wand_db, lemuel_coloured_pillars_altar, serial_shops,
          shop, enter_ossuary_2, minmay_misc_feat_alley, tgw_xom
D:5:      nemelex_deck, minmay_temple_entry_trees, uniq_pikel
D:6:      grunt_gozag_statues
D:7:      nicolae_overflow_crystal_walls, serial_glass, glass_columns_b,
          glass_columns_a, glass_columns_a, glass_columns_c, uniq_duvessa,
          uniq_crazy_yiuf_cottage, uniq_prince_ribbit1
D:8:      kennysheep_little_box, uniq_grum
D:9:      dpeg_lair_monsters, onia_ninara_cookie
D:10:     blue_anna_alchemist, minmay_misc_feat_enclosed, pond
Lair:1:   beast_lair_carwin_8
Lair:2:   grunt_megastairs_4, serial_bayou_shore_b
Lair:3:   basic_altar

Skill      XL: |  1  2  3  4  5  6  7  8  9 10 11 12 |
---------------+-------------------------------------+-----
Conjurations   | 5 6 7 8 9 11 13 14 15 | 15.0
Spellcasting   | 4 5 6 8 10 12 14 16 | 16.9
Charms         | 3 6 7 |  7.2
Fighting       | 1 3 |  3.0
Air Magic      | 1 2 |  2.5
Dodging        | |  2.5
Stealth        | |  2.5

Action                   |  1- 3 |  4- 6 |  7- 9 | 10-12 || total
-------------------------+-------+-------+-------+-------++-------
Melee: Unarmed           |       |     3 |     2 |     1 ||     6
 Cast: Magic Dart        |    84 |   140 |   193 |   370 ||   787
       Iskenderun's Myst |       |    14 |    58 |    64 ||   136
       Iskenderun's Batt |       |       |    15 |    87 ||   102
Evoke: Wand              |       |       |     8 |     2 ||    10
  Use: Potion            |       |     4 |     5 |     8 ||    17
       Scroll            |       |     7 |       |    16 ||    23
  Eat: Chunk             |     2 |     9 |    18 |    26 ||    55
       Fruit             |       |       |     2 |     2 ||     4
